 Dungeon Crawl Stone Soup version 0.31-a0-978-g1e143483b6 (webtiles) character file.

Game seed: 2817271885194032386

2 Azuregosa the Grave Robber (level 1, 0/14 HPs)
             Began as a Demigod Necromancer on Oct 30, 2023.
             Slain by a jackal (3 damage)
             ... on level 1 of the Dungeon.
             The game lasted 00:01:42 (288 turns).

Azuregosa the Grave Robber (Demigod Necromancer)     Turns: 288, Time: 00:01:42

Health: 0/14       AC:  6    Str:  9    XL:     1   Next: 26%
Magic:  3/5        EV: 10    Int: 17    God:
Gold:   10         SH:  0    Dex: 14    Spells: 2/3 levels left

rFire   . . .        (no weapon)
rCold   . . .        (no shield)
rNeg    . . .        f - +1 ring mail {rPois}
rPois   +            (no helmet)
rElec   .            (no cloak)
rCorr   .            (no gloves)
SInv    .            (no boots)
Will    .....        (no amulet)
Stlth   +            (no ring)
HPRegen 0.22/turn    (no ring)
MPRegen 0.09/turn

%: no passive effects
@: no status effects
A: high MP 1, forlorn, divine attributes
a: no special abilities


You were on level 1 of the Dungeon.
You visited 1 branch of the dungeon, and saw 1 of its levels.

You collected 10 gold pieces.

Inventory:

Missiles
 e - 5 stones
Armour
 a - a +0 robe
 f - a +1 ring mail of poison resistance (worn)
Scrolls
 d - a scroll of teleportation {unknown}
Potions
 c - a potion of lignification {unknown}


   Skills:
 - Level 1.7 Dodging
 - Level 1.7 Stealth
 + Level 1.9 Spellcasting
 + Level 3.6 Necromancy


You had 2 spell levels left.
You knew the following spells:

 Your Spells              Type           Power      Damage    Failure   Level
a - Necrotise             Necr           56%        1d6       12%         1

Your spell library contained the following spells:

 Spells                   Type           Power      Damage    Failure   Level
 Vampiric Draining        Necr           14%        2d7       36%         3
 Animate Dead             Necr           14%        N/A       77%         4
 Agony                    Necr           14%        N/A       98%         5


Dungeon Overview and Level Annotations

Branches:
Dungeon (1/15)

Shops:
D:1 [


Innate Abilities, Weirdness & Mutations

You have an increased reservoir of magic. (+10% MP)
You shall have no god before yourself.
Your divine heritage dramatically boosts your attributes as you level up.


Message History

The jackal is moderately wounded.
The jackal bites you.
* * * LOW HITPOINT WARNING * * *
The hobgoblin hits you.
* * * LOW HITPOINT WARNING * * *
The jackal closely misses you.
Your jackal skeleton completely misses the hobgoblin.
The hobgoblin attacks as it pursues you!
The hobgoblin hits you.
* * * LOW HITPOINT WARNING * * *
The jackal bites you but does no damage.
The jackal barely misses you.
Your jackal skeleton bites the hobgoblin.
The jackal attacks as it pursues you! The jackal closely misses you.
Your jackal skeleton closely misses the hobgoblin.
The jackal attacks as it pursues you! The jackal barely misses you.
The jackal bites you but does no damage.
The jackal attacks as it pursues you! The jackal closely misses you.
Your magical contamination has completely faded away.
Your jackal skeleton bites the hobgoblin.
Your jackal skeleton barely misses the hobgoblin.
You see here a +0 leather armour.
Your jackal skeleton closely misses the hobgoblin.
The jackal bites you but does no damage.
Okay, then.
Magic courses through your body.
The jackal bites you but does no damage.
Casting: Necrotise (safe; 12% risk of failure)
Confirm with . or Enter, or press ? or * to list all spells.
Aiming: Necrotise (safe; 12% risk of failure)
Press: ? - help, Shift-Dir - straight line, f - jackal
Aim: a jackal (moderately wounded, chance to affect: 84%)
The jackal writhes in agony.
The jackal closely misses you.
Casting: Necrotise (safe; 12% risk of failure)
Confirm with . or Enter, or press ? or * to list all spells.
Aiming: Necrotise (safe; 12% risk of failure)
Press: ? - help, Shift-Dir - straight line, f/p - jackal
Aim: a jackal (heavily wounded, chance to affect: 84%)
The jackal writhes in agony.
The jackal bites you.
You die...

##.. #....# #### .. ..# ..# #.
#.####### #.# #.##.#.....###.##
#.#....#........#
##........#.###..############
##.#.......###g###.............##
............Zghh@.#.#########.#.#
#.........#.#####.#.# ##.###.
#...#.##.##.# #####.# #.## ##
#..... #.##.###.>.### #..###.
....#. #∩...##..<..## #.#.#.#
#..... #..###.......## #.##.##
#.. ## #..##..⌠...⌠..## #.##.#
#.. ####...........## ..##.#
##.⌠....⌠....⌠.## ####.##


You could see 2 jackals, 2 hobgoblins and a friendly jackal skeleton.

Vanquished Creatures
  2 jackals (D:1)
2 creatures vanquished.

Notes
Turn   | Place    | Note
-------+----------+-------------------------------------------
     0 | D:1      | Azuregosa the Demigod Necromancer began the quest for the
                  | Orb.
     0 | D:1      | Reached XP level 1. HP: 14/14 MP: 5/5
   264 | D:1      | Found Ilamnuw's Armour Shoppe.
   288 | D:1      | Slain by a jackal

Illustrated notes

Levels and vault maps discovered:
D:1:      dpeg_arrival_lava_temple_mockup, layout_loops_ring,
          nicolae_ecumenical_snake_handling, serial_shops, shop, minmay_bisected

Action                     || total
---------------------------++-------
  Melee: Unarmed           ||     2
   Cast: Necrotise         ||     5
    Use: Potion            ||     1
 Armour: Ring mail         ||    16
  Dodge: Dodged            ||     9

Table legend: (Time is in decaauts)
 A = Elapsed time spent in this place.
 B = Non-inter-level travel time spent in this place.
 C = Inter-level travel time spent in this place.
 D = Time resting spent in this place.
 E = Time spent auto-exploring this place.
 F = Levels seen in this place.
 G = Mean time per level.
                   A        B        C        D        E       F      G
               +--------+--------+--------+--------+--------+-----+--------+
         Total |    288 |    288 |      0 |      0 |    233 |   1 |  288.0 |
       Dungeon |    288 |    288 |      0 |      0 |    233 |   1 |  288.0 |
               +--------+--------+--------+--------+--------+-----+--------+

Top non-repeatable levels by time:
     D:1: 288 daAuts
